 Dungeon Crawl Stone Soup version 0.18-a0-1180-g64ccc1e (webtiles) character file.

132 st0uf the Ruffian (level 4, 0/35 HPs)
             Began as a Draconian Transmuter on Jan 27, 2016.
             Succumbed to Sigmund's poison
             ... on level 3 of the Dungeon.
             The game lasted 00:15:42 (3457 turns).

st0uf the Ruffian (Draconian Transmuter)            Turns: 3457, Time: 00:15:43

Health: 0/35       AC:  5    Str: 12    XL:     4   Next: 92%
Magic:  5/7        EV: 12    Int: 15    God:
Gold:   123        SH:  0    Dex: 11    Spells: 3 memorised, 2 levels left

rFire  . . .     SeeInvis .       - Unarmed
rCold  . . .     Gourm    .     (armour unavailable)
rNeg   . . .     Faith    .     (no shield)
rPois  .         Spirit   .     (helmet restricted)
rElec  .         Dismiss  .     (no cloak)
rCorr  .         Reflect  .     (no gloves)
SustAt .         Harm     .     (no boots)
MR     .....                    (no amulet)
Stlth  +.........               (no ring)
                                (no ring)

@: confused, lethally poisoned (0 -> -39), not resistant to hostile
enchantments, very unstealthy
A: unfitting armour, cold-blooded, AC +5
a: no special abilities


You were on level 3 of the Dungeon.
You were very hungry.

You visited 1 branch of the dungeon, and saw 3 of its levels.

You collected 123 gold pieces.

Inventory:

Hand Weapons
 s - a cursed -3 blowgun
Missiles
 a - 59 arrows
 g - 181 stones (quivered)
 t - 11 poisoned needles
Scrolls
 h - a scroll of fog {unknown}
 j - a scroll of teleportation {unknown}
 k - 3 scrolls of enchant weapon {unknown}
 l - 2 scrolls of noise {unknown}
 m - a scroll of magic mapping {unknown}
 n - 2 scrolls of recharging {unknown}
 o - 2 scrolls of identify {unknown}
 r - a scroll of immolation {unknown}
Potions
 d - a potion of curing {unknown}
 e - 2 potions of cure mutation {unknown}
 f - 2 potions of might {unknown}
 i - 2 potions of magic {unknown}
 q - a potion of heal wounds {unknown}
 u - a potion of poison {unknown}
Books
 b - a book of Changes

   Spells                             Type                      Level
   a - Beastly Appendage              Transmutation                1
   b - Sticks to Snakes               Transmutation                2
   c - Spider Form                    Transmutation/Poison         3
   d - Ice Form                       Ice/Transmutation            4
   e - Blade Hands                    Transmutation                5
Comestibles
 c - 2 bread rations
 p - 2 chunks of flesh


   Skills:
 + Level 1.3 Fighting
 + Level 2.1 Dodging
 + Level 0.8 Stealth
 * Level 4.1 Unarmed Combat
 + Level 2.6 Spellcasting
 * Level 3.3 Transmutations


You had 2 spell levels left.
You knew the following spells:

 Your Spells              Type           Power        Failure   Level  Hunger
a - Beastly Appendage     Trmt           ##....       8%          1    #......
b - Sticks to Snakes      Trmt           ##......     12%         2    ###....
c - Spider Form           Trmt/Pois      #.........   34%         3    ###....


Dungeon Overview and Level Annotations

Branches:
Dungeon (3/15)

Altars:
Ashenzari
Trog

Annotations:
D:3 Sigmund


Innate Abilities, Weirdness & Mutations

Your plain brown scales are hard (AC +5).
Your body does not fit into most forms of armour.
You are cold-blooded and may be slowed by cold attacks.


Message History

You butcher the giant gecko corpse.
You feel sick. Something closely misses you.
You see here 2 chunks of flesh.
p - 2 chunks of flesh You feel sick.
You hear some strange, mumbled words.
You are confused.
You bump into the rock wall.
You feel sick. Something closely misses you.
Your transformation has ended.
You feel sick.
You bump into the rock wall.
You feel sick. Something hits you.
You are more poisoned.
* * * LOW HITPOINT WARNING * * *
You feel sick.
You bump into the rock wall.
* * * LOW HITPOINT WARNING * * *
You feel sick. Something hits you.
* * * LOW HITPOINT WARNING * * *
You are more poisoned.
You die...

##...## #.# # ##'##
#.# # #.# #.# # #.#
#.# ###.#### #.#
#......# #.#
#......# #.#
#....#.#########.#
#.#..<@..........#
.......#.###########
###.####.# #. #.# #
..# ###


There were no monsters in sight!

Vanquished Creatures
  A gnoll (D:1)
  3 adders (D:2)
  3 worms
  5 giant geckos
  4 orcs (D:3)
  5 bats
  2 giant cockroaches (D:1)
  7 goblins
  8 hobgoblins
  8 jackals
  A quokka (D:2)
  3 giant newts
  5 kobolds
  9 rats
64 creatures vanquished.

Vanquished Creatures (collateral kills)
  An adder (D:2)
  An orc (D:3)
  A ball python (D:1)
  A goblin (D:3)
  A giant newt (D:1)
5 creatures vanquished.

Grand Total: 69 creatures vanquished

Notes
Turn   | Place    | Note
--------------------------------------------------------------
     0 | D:1      | st0uf the Draconian Transmuter began the quest for the Orb.
     0 | D:1      | Reached XP level 1. HP: 16/16 MP: 3/3
   291 | D:1      | Reached XP level 2. HP: 23/23 MP: 5/5
   300 | D:1      | Learned a level 2 spell: Sticks to Snakes
   392 | D:1      | Found a shattered altar of Ashenzari.
   881 | D:1      | Reached XP level 3. HP: 20/28 MP: 0/6
  1574 | D:2      | Learned a level 3 spell: Spider Form
  1823 | D:2      | Reached XP level 4. HP: 33/35 MP: 5/7
  1837 | D:2      | Reached skill level 4 in Unarmed Combat
  3040 | D:3      | Found a bloodstained altar of Trog.
  3336 | D:3      | Noticed Sigmund
  3457 | D:3      | Succumbed to Sigmund's poison

Vault maps used:
D:1:      dpeg_arrival_morbid_curiosity, evilmike_ruin_ashenzari
D:3:      marbit_many_paths, grunt_ministairs_2, uniq_sigmund

Action                   |  1- 3 |  4- 6 || total
-------------------------+-------+-------++-------
Melee: Unarmed           |   120 |   135 ||   255
 Cast: Beastly Appendage |    19 |    21 ||    40
       Sticks to Snakes  |     4 |     7 ||    11
       Spider Form       |       |     1 ||     1
 Stab: Sleeping          |     1 |     1 ||     2
       Distracted        |     1 |       ||     1
  Eat: Chunk             |     4 |     5 ||     9
